 Dungeon Crawl Stone Soup version 0.31-a0-210-gccc998df9b (webtiles) character file.

Game seed: 15068593009352898791

279 qw the Shooter (level 6, -1/37 HPs)
             Began as a Gargoyle Hexslinger on June 30, 2023.
             Slain by a gnoll
             ... wielding a +0 halberd
              (5 damage)
             ... on level 4 of the Dungeon.
             The game lasted 00:00:59 (2007 turns).

qw the Shooter (Gargoyle Hexslinger)                Turns: 2007, Time: 00:00:59

Health: -1/37      AC: 12    Str: 11    XL:     6   Next: 26%
Magic:  7/7        EV: 10    Int: 14    God:
Gold:   84         SH:  0    Dex: 14    Spells: 6/7 levels left

rFire   . . .        Y - +1 sling (drain)
rCold   + . .        (no shield)
rNeg    + . .        i - +1 ring mail {rC+}
rPois   inf          d - +0 helmet
rElec   +            g - +0 cloak
rCorr   .            (no gloves)
SInv    .            (no boots)
Will    .....        (no amulet)
Stlth   +            (no ring)
HPRegen 0.26/turn    (no ring)
MPRegen 0.10/turn

%: no passive effects
@: no status effects
A: sickness immunity, AC +4, negative energy resistance 1, electricity
resistance, torment resistance 1, petrification resistance
a: no special abilities


You were on level 4 of the Dungeon.
You visited 1 branch of the dungeon, and saw 5 of its levels.
You also visited: Sewer.

You collected 84 gold pieces.


Innate Abilities, Weirdness & Mutations

You are immune to sickness and miasma.
Your stone body is resilient. (AC +4)
You are immune to poison.
You resist negative energy. (rN+)
You are resistant to electric shocks. (rElec)
You are resistant to unholy torment.
You are immune to petrification.


   Skills:
 - Level 3.2 Fighting
 + Level 5.5 Ranged Weapons
 - Level 1.0 Armour
 - Level 1.5 Dodging
 - Level 1.0 Spellcasting
 - Level 2.6 Hexes


You had 6 spell levels left.
You knew the following spells:

 Your Spells              Type           Power      Damage    Failure   Level
a - Slow                  Hex            32%        N/A       21%         1

Your spell library contained the following spells:

 Spells                   Type           Power      Damage    Failure   Level
 Inner Flame              Hex/Fire       4%         N/A       71%         3
 Portal Projectile        Hex/Tloc       8%         N/A       71%         3
 Cause Fear               Hex            4%         N/A       90%         4

Inventory:

Hand Weapons
 Y - a +1 sling of draining (weapon)
Armour
 d - a +0 helmet (worn)
 g - a +0 cloak (worn)
 i - a +1 ring mail of cold resistance (worn)
Scrolls
 b - a scroll of identify
Potions
 a - a potion of heal wounds {unknown}
 c - a potion of resistance {unknown}
 e - a potion of attraction {unknown}
 f - a potion of cancellation {unknown}
 h - a potion of might {unknown}

Dungeon Overview and Level Annotations

Branches:
Dungeon (5/15)              Sewer (visited)
 Temple: D:4-7

Altars:
Yredelemnul

Shops:
D:2 [

Annotations:
D:3 2 runed translucent doors, qw's ghost, amateur MiHs
D:4 Dowan


Message History

The gnoll hits you from afar with a +0 halberd!
Duvessa hits you with a +0 short sword of draining.
The gnoll hits you from afar with a +0 halberd.
You shoot a sling bullet.
The sling bullet hits Duvessa but does no damage.
You drain Duvessa.
Duvessa is heavily wounded.
Duvessa misses you. The gnoll hits you but does no damage.
The gnoll barely misses you.
You shoot a sling bullet. The sling bullet barely misses Duvessa.
The sling bullet closely misses the gnoll.
The gnoll hits you but does no damage. The gnoll closely misses you.
Duvessa hits you but does no damage.
You shoot a sling bullet. The sling bullet hits Duvessa!
Duvessa is severely wounded.
Duvessa hits you but does no damage. The gnoll closely misses you.
The gnoll barely misses you.
You shoot a sling bullet.
The sling bullet hits Duvessa but does no damage.
You drain Duvessa.
Duvessa is severely wounded.
Duvessa hits you but does no damage. The gnoll barely misses you.
The gnoll hits you from afar with a +0 halberd!
The gnoll barely misses you.
Dowan mumbles some strange words.
Dowan blinks!
Duvessa hits you but does no damage.
The gnoll hits you from afar with a +0 halberd.
You shoot a sling bullet.
The sling bullet hits Duvessa but does no damage.
Duvessa is severely wounded.
The gnoll hits you but does no damage.
The gnoll hits you from afar with a +0 halberd.
Duvessa hits you but does no damage.
You shoot a sling bullet. The sling bullet hits Duvessa.
You drain Duvessa.
You kill Duvessa!
Dowan screams, "No!
Oh no!"
Dowan seems to find hidden reserves of power!
Dowan closely misses you. The gnoll hits you but does no damage.
The gnoll hits you from afar with a +0 halberd.
You die...

....... ..
.##...# ##.#
.. ......##
#..# ..#
.......#####.#
....
.............#
#....
#........###.#
#.....
#....##.##
#.#####g....
.....##.#
##.##))g#
.###.##.##
#..e@# #..#..#
#...## ##>...#
#....#
#.......###..#
#......##
##... ..###..#
#... .## #..#
..## .# . .#
... . .


You could see Dowan (fast) and 2 gnolls.

Vanquished Creatures
  Duvessa (D:4)
  Pargi (Sewer)
  A howler monkey (D:5)
  A gnoll (D:4)
  7 adders
  2 worms (D:2)
  4 dart slugs
  An orc (D:5)
  10 ball pythons
  2 bats (D:1)
  3 endoplasms
  A giant cockroach (D:3)
  3 goblins
  8 hobgoblins
  9 frilled lizards
  3 kobolds
  4 rats
61 creatures vanquished.

Notes
Turn   | Place    | Note
-------+----------+-------------------------------------------
     0 | D:1      | qw the Gargoyle Hexslinger began the quest for the Orb.
     0 | D:1      | Reached XP level 1. HP: 12/12 MP: 2/2
     0 | D:1      | 0 ||| qw: Version: 0.3-a-26-gee661ec
     0 | D:1      | 0 ||| qw: Game counter: 7245
     0 | D:1      | 0 ||| qw: Melee chars always use a shield: true
     0 | D:1      | 0 ||| qw: God list: Okawaru
     0 | D:1      | 0 ||| qw: Allow faded altars: false
     0 | D:1      | 0 ||| qw: Do Orc after clearing Dungeon:15 true
     0 | D:1      | 0 ||| qw: Do second Lair branch before Depths: true
     0 | D:1      | 0 ||| qw: Lair rune preference: random
     0 | D:1      | 0 ||| qw: Goals: Normal
     0 | D:1      | 0 ||| PLANNING D:1-11
   138 | D:1      | Reached XP level 2. HP: 16/16 MP: 3/3
   350 | D:1      | Reached skill level 3 in Ranged Weapons
   691 | D:1      | 691 ||| UPGRADING to +0 cloak.
   696 | D:1      | 696 ||| UPGRADING to +1 ring mail of cold resistance.
   706 | D:1      | 706 ||| DROPPING +0 robe.
   707 | D:1      | 707 ||| READING scroll labelled QIECSETOTH.
   708 | D:1      | 708 ||| READING scroll labelled REON XO YRUDGH.
   709 | D:1      | 709 ||| READING 3 scrolls labelled IREES TUSAQALL.
   710 | D:1      | 710 ||| READING scroll labelled EPADAN ENOYGA.
   711 | D:1      | 711 ||| READING scroll labelled QEL GUTAFYSK.
   812 | D:1      | 812 ||| DROPPING scroll of poison.
   813 | D:1      | 813 ||| DROPPING 2 scrolls of summoning.
   834 | D:2      | Reached XP level 3. HP: 21/21 MP: 4/4
   837 | D:2      | 837 ||| STAIRDANCE
   847 | D:1      | Reached skill level 1 in Armour
   920 | D:2      | Found Fuhiexu's Antique Armour Shoppe.
   928 | D:2      | 928 ||| SHOPLISTING glowing scarf (168 gold, have 44).
   928 | D:2      | 928 ||| SHOPLISTING helmet (94 gold, have 44).
   928 | D:2      | 928 ||| SHOPLISTING pair of embroidered boots (157 gold,
                  | have 44).
  1026 | D:2      | Found a basalt altar of Yredelemnul.
  1035 | D:2      | Reached XP level 4. HP: 26/26 MP: 5/5
  1333 | D:2      | 1333 ||| UPGRADING to +0 helmet.
  1338 | D:2      | 1338 ||| READING scroll labelled GATAETR EGEIQ.
  1339 | D:2      | 1339 ||| READING scroll labelled VOYMOO LOAFASM.
  1345 | D:3      | 1345 ||| PLANNING SEWER
  1367 | D:3      | Found a glowing drain.
  1393 | D:3      | Reached skill level 4 in Ranged Weapons
  1422 | Sewer    | Entered a sewer
  1432 | Sewer    | 1432 ||| Stepping ~*~*~tactically~*~*~ (water).
  1450 | Sewer    | 1450 ||| Stepping ~*~*~tactically~*~*~ (water).
  1496 | Sewer    | Noticed Pargi
  1497 | Sewer    | 1497 ||| Stepping ~*~*~tactically~*~*~ (water).
  1513 | Sewer    | Killed Pargi
  1514 | Sewer    | Reached skill level 5 in Ranged Weapons
  1514 | Sewer    | Reached XP level 5. HP: 28/30 MP: 6/6
  1539 | Sewer    | 1539 ||| Stepping ~*~*~tactically~*~*~ (water).
  1559 | Sewer    | 1559 ||| READING scroll labelled DOOPNA COGGIF.
  1560 | Sewer    | 1560 ||| READING scroll labelled WIONACVURA.
  1561 | Sewer    | 1561 ||| READING scroll labelled KORCHENG JERIU.
  1564 | Sewer    | 1564 ||| DRINKING 3 glowing black potions.
  1565 | Sewer    | 1565 ||| DROPPING 2 potions of brilliance.
  1569 | D:3      | 1569 ||| PLANNING D:1-11
  1694 | D:3      | Found a runed translucent door.
  1695 | D:3      | Noticed qw's ghost (amateur MiHs)
  1708 | D:3      | Reached XP level 6. HP: 36/36 MP: 7/7
  1778 | D:3      | Found a runed translucent door.
  1813 | D:3      | Found a faded altar of an unknown god.
  1917 | D:3      | You fall into a shaft and drop 2 floors!
  1917 | D:5      | Entered Level 5 of the Dungeon
  1929 | D:5      | Reached skill level 3 in Fighting
  1958 | D:5      | 1958 ||| READING scroll labelled QORIXZ WECUCW.
  1959 | D:5      | 1959 ||| READING 2 scrolls of identify.
  1959 | D:5      | 1959 ||| IDENTIFYING yellow potion
  1960 | D:5      | 1960 ||| DROPPING potion of degeneration.
  1993 | D:4      | Noticed Duvessa
  1994 | D:4      | Noticed Dowan
  2005 | D:4      | HP: 9/37 [gnoll/+0 halberd (4)]
  2006 | D:4      | HP: 3/37 [gnoll/+0 halberd (6)]
  2007 | D:4      | Killed Duvessa
  2007 | D:4      | Slain by a gnoll

Levels and vault maps discovered:
D:1:      dpeg_arrival_chambers_temple_mockup, layout_basic, serial_park_tiny_2
D:2:      layout_rooms, basic_altar, serial_shops, shop, patterned_corridor
D:3:      minmay_chambers_of_threes, layout_basic, grunt_temple_overflow_open,
          dreamdust_ecumenical_altar_statues, gup_sewer_entry_glass,
          ebering_ghost_sewer_f, serial_bayou_pond_a
D:4:      layout_layer_cave, serial_shops, nicolae_lakefront_shop, uniq_duvessa
D:5:      layout_loops_ring

Skill      XL: |  1  2  3  4  5  6 |
---------------+-------------------+-----
Ranged Weapons | 3 5 |  5.5
Fighting       | 2 3 |  3.2
Armour         | 1 |  1.0
Dodging        | |  1.5
Spellcasting   | |  1.0
Hexes          | |  2.6

Action                     |  1- 3 |  4- 6 || total
---------------------------+-------+-------++-------
   Fire: Sling             |   114 |   124 ||   238
    Use: Scroll            |     5 |     7 ||    12
         Potion            |       |     1 ||     1
 Armour: Robe              |     7 |       ||     7
         Ring mail         |    22 |    87 ||   109
  Dodge: Dodged            |    35 |    68 ||   103

Table legend:
 A = Non-vault XP
 B = Vault XP
 C = Vault XP percentage of total XP
 D = Non-vault monster count
 E = Vault monster count
 F = Vault count percentage of total count
                 A         B        C        D         E       F
            +---------+---------+-------+---------+---------+-------
      Total |     204 |     340 |  62.5 |      47 |      14 |  23.0
            +---------+---------+-------+---------+---------+-------
        D:1 |      39 |       0 |   0.0 |      15 |       0 |   0.0
        D:2 |      64 |       0 |   0.0 |      19 |       0 |   0.0
        D:3 |      30 |      42 |  58.3 |      10 |       4 |  28.6
        D:4 |      14 |     145 |  91.2 |       1 |       1 |  50.0
        D:5 |      57 |       0 |   0.0 |       2 |       0 |   0.0
      Sewer |       0 |     153 | 100.0 |       0 |       9 | 100.0
            +---------+---------+-------+---------+---------+-------
